 Dungeon Crawl Stone Soup version 0.18-a0-1577-gf591c28 (webtiles) character file.

24411 Chiseanne the Fighter (level 13, -6/108 HPs)
             Began as a Formicid Monk on Mar 23, 2016.
             Was a High Priest of Makhleb.
             Mangled by an enchanted long sword (15 damage)
             ... on level 14 of the Dungeon.
             The game lasted 00:53:11 (14218 turns).

Chiseanne the Fighter (Formicid Monk)              Turns: 14218, Time: 00:53:11

Health: -6/108     AC: 23    Str: 19    XL:     13   Next: 42%
Magic:  21/21      EV: 13    Int: 13    God:    Makhleb [*****.]
Gold:   55         SH: 10    Dex: 14    Spells: 0 memorised, 12 levels left

rFire  + . .     SeeInvis +     a - +5 broad axe "Xijel" {flame, +Inv rElec rF++ rC-}
rCold  . . .     Gourm    +     w - +5 scale mail {MR+}
rNeg   + . .     Faith    .     S - +3 buckler {AC+3}
rPois  +         Spirit   .     (helmet unavailable)
rElec  +         Dismiss  .     o - +0 cloak
rCorr  .         Reflect  .     (no gloves)
SustAt .         Harm     .     N - +3 pair of boots of Terror {-Tele rPois Str+2}
MR     ++...                    M - amulet of the gourmand
Stlth  +.........               k - ring of ice
                                j - ring of positive energy

@: very resistant to hostile enchantments, very unstealthy
A: permanent stasis, dig shafts and tunnels, four strong arms, antennae 3
a: Dig, Shaft Self, Minor Destruction, Lesser Servant of Makhleb, Major
Destruction, Greater Servant of Makhleb, Renounce Religion, Evoke Invisibility


You were on level 14 of the Dungeon.
You worshipped Makhleb.
Makhleb was extremely pleased with you.
You were not hungry.

You visited 2 branches of the dungeon, and saw 15 of its levels.
You also visited: Ossuary.

You collected 639 gold pieces.
You spent 584 gold pieces at shops.

Inventory:

Hand Weapons
 a - the +5 broad axe "Xijel" (weapon) {flame, +Inv rElec rF++ rC-}
   (You bought it in a shop on level 6 of the Dungeon)

   It has been specially enchanted to burn those struck by it, causing extra
   injury to most foes and up to half again as much damage against particularly
   susceptible opponents.
   Big, fiery blades are also staple armaments of hydra-hunters.
   It greatly protects you from fire.
   It makes you vulnerable to cold.
   It insulates you from electricity.
   It lets you turn invisible.
 d - a -1 morningstar of electrocution
 e - a +2 eveningstar of protection
 s - a +2 halberd of venom
 y - a +0 blowgun
Missiles
 m - 87 bolts
 t - 75 sling bullets
 u - 24 sling bullets of flame
 v - 29 poisoned needles
 E - 6 steel sling bullets
 V - 10 bolts of frost
Armour
 o - a +0 cloak (worn)
 w - a +5 scale mail of magic resistance (worn)
 N - the +3 pair of boots of Terror (worn) {-Tele rPois Str+2}
   (You found it on level 8 of the Dungeon)

   It affects your strength (+2).
   It protects you from poison.
   It prevents most forms of teleportation.
 Q - a +0 scale mail of positive energy
 S - a +3 buckler of protection (worn)
 U - a troll hide
Jewellery
 g - an uncursed ring of flight
 h - an uncursed amulet of magic regeneration
 j - a ring of positive energy (left hand)
 k - a ring of ice (right hand)
 C - an uncursed ring of positive energy
 M - an amulet of the gourmand (around neck)
Wands
 G - a wand of digging (24/24)
Scrolls
 n - a scroll of recharging
 D - a scroll of fog
 F - 5 scrolls of amnesia
 R - a scroll of immolation
 W - 2 scrolls of remove curse
Potions
 l - a potion of brilliance {unknown}
 r - 2 potions of magic
 z - a potion of curing
 H - 4 potions of heal wounds
 I - 3 potions of resistance
 J - a potion of ambrosia
 L - 2 potions of cancellation
Books
 f - a book of Flames

   Spells                             Type                      Level
   a - Flame Tongue                   Conjuration/Fire             1
   b - Throw Flame                    Conjuration/Fire             2
   c - Conjure Flame                  Conjuration/Fire             3
   d - Inner Flame                    Hexes/Fire                   3
   e - Sticky Flame                   Conjuration/Fire             4
   f - Fireball                       Conjuration/Fire             5
 p - Eshaizet's Disquisition on Transmigration
   (You found it on level 11 of the Dungeon)

   Spells                             Type                      Level
   a - Beastly Appendage              Transmutation                1
   b - Ignite Poison                  Fire/Transmutation/Poison    3
   c - Irradiate                      Conjuration/Transmutation    5
 T - a book of Frost

   Spells                             Type                      Level
   a - Freeze                         Ice                          1
   b - Throw Frost                    Conjuration/Ice              2
   c - Ozocubu's Armour               Charms/Ice                   3
   d - Throw Icicle                   Conjuration/Ice              4
   e - Summon Ice Beast               Ice/Summoning                4
 Z - a book of Beasts

   Spells                             Type                      Level
   a - Summon Butterflies             Summoning                    1
   b - Call Canine Familiar           Summoning                    3
   c - Summon Ice Beast               Ice/Summoning                4
   d - Summon Mana Viper              Hexes/Summoning              5
   e - Summon Hydra                   Summoning                    7
Comestibles
 b - 7 bread rations
 c - 6 royal jellies
 i - 7 meat rations
 q - 6 chunks of flesh


   Skills:
 * Level 12.1 Fighting
 + Level 6.4 Axes
 * Level 11.4 Armour
 - Level 6.4 Dodging
 - Level 2.4 Stealth
 * Level 10.4 Shields
 - Level 4.0 Unarmed Combat
 * Level 11.4 Invocations


You had 12 spell levels left.
You didn't know any spells.

Dungeon Overview and Level Annotations

Branches:
Dungeon (13/15)            Temple (1/1) D:7            Lair (0/8) D:11
    Orc (0/2) D:11         Vaults (0/5) D:14

Altars:
Ashenzari
Cheibriados
Dithmenos
Elyvilon
Fedhas
Gozag
Kikubaaqudgha
Makhleb
Nemelex Xobeh
Okawaru
Pakellas
Qazlal
Ru
Sif Muna
Trog
Vehumet
Xom
Yredelemnul
Zin
The Shining One

Shops:
D:4 [   D:6 *(   D:7 (?   D:8 ??[*[   D:11 (

Annotations:
D:12 Snorg
D:14 Rupert


Innate Abilities, Weirdness & Mutations

You are under a permanent stasis effect.
You can dig through walls and to a lower floor.
Your four strong arms can wield two-handed weapons with a shield.
You have a pair of large antennae on your head (SInv).


Message History

The worker ant closely misses your balrug.
The enchanted long sword hits you.
* * * LOW HITPOINT WARNING * * *
Your balrug closely misses Rupert.
Rupert hits your balrug with a great mace of protection!
The enchanted long sword hits you!
* * * LOW HITPOINT WARNING * * *
The worker ant bites your balrug.
Your balrug hits the worker ant with a demon whip of venom!!
The worker ant dies!
Makhleb accepts your kill.
Rupert hits your balrug with a great mace of protection.
Your balrug hits Rupert with a demon whip of venom!
Rupert is engulfed in flames!!
Rupert looks even sicker.
You block the enchanted long sword's attack.
Something gores your balrug!
A demon appears!
You feel somewhat more hungry.
The enchanted long sword hits you but does no damage.
The enchanted long sword hits you!
You die...

......#....#.......
......###'##....#
................#
................# ..
..#####.#####)..# ... .
#.# #...# .... . #.#
#...#####.... .. #.#
#............ ... #.#
#...@2........... .. #.#
#..).(.#####s....
..#####.#
#.....2#{......#
........#
#.>....Ys.@....#
........#
#.......%†.....#
####....#
#..............#
#....#####..............#
#................#.#....+
#...............##.##...#


You could see a yak, a scorpion, an enchanted long sword and 2 friendly balrugs.

Vanquished Creatures
  Gastronok (D:11)
  A hydra (D:10)
  A dancing weapon (D:14)
  An orange crystal statue (D:11)
  6 hill giants
  4 ugly things
  A deep elf mage (D:12)
  2 centaur zombies
  2 gargoyles (D:12)
  The ghost of braks the Destroyer, a novice TeCj (D:6)
  A kobold demonologist (D:12)
  4 trolls
  2 two-headed ogres
  A two-headed ogre (shapeshifter) (D:10)
  A queen bee (D:11)
  5 slime creatures (D:12)
  A shadow (D:10)
  A wraith (D:12)
  15 yaks
  A wyvern (D:12)
  2 hungry ghosts
  6 hippogriffs
  A basilisk (D:14)
  A vampire mosquito (D:10)
  2 mottled dragons
  Duvessa (D:7)
  3 sky beasts
  3 orc warriors
  A phantom (D:8)
  2 black bears
  2 wasps
  2 eyes of draining
  A necrophage (D:11)
  3 ogres
  8 centaurs
  3 big kobolds
  4 elf zombies (Ossuary)
  A gnoll sergeant (D:10)
  10 giant frogs
  7 scorpions
  Dowan (D:7)
  A water moccasin skeleton (D:7)
  27 killer bees
  4 wights (D:12)
  2 howler monkeys
  4 crimson imps
  3 giant frog zombies
  A centaur skeleton (D:6)
  8 hounds
  9 orc priests
  2 giant frog skeletons (D:12)
  4 jellies
  Jessica (D:2)
  Ijyb (D:2)
  12 orc wizards
  4 worker ants
  5 hound zombies
  4 mummies
  3 worker ant zombies
  Robin (D:3)
  9 adders
  9 gnolls
  A howler monkey skeleton (D:5)
  3 shadow imps
  4 adder zombies (Ossuary)
  An adder skeleton (D:8)
  4 worms
  2 dart slugs (D:1)
  5 giant geckos
  33 orcs
  6 bats
  4 giant cockroaches
  16 goblins
  4 hobgoblins
  8 jackals
  4 quokkas
  A giant newt (D:2)
  2 gnoll zombies (Ossuary)
  3 goblin zombies (Ossuary)
  6 hobgoblin zombies (Ossuary)
  5 jackal zombies (Ossuary)
  19 kobolds
  2 kobold zombies (Ossuary)
  2 orc zombies (Ossuary)
  A quokka skeleton (D:6)
  2 quokka zombies (Ossuary)
  10 rats
  A rat zombie (Ossuary)
379 creatures vanquished.

Vanquished Creatures (collateral kills)
  Maud (D:12)
  A troll (D:12)
  2 yaks (D:14)
  A wasp (D:12)
  A quasit (D:12)
  A worker ant (D:14)
7 creatures vanquished.

Vanquished Creatures (others)
  A hound (D:8)
1 creature vanquished.

Grand Total: 387 creatures vanquished

Notes
Turn   | Place    | Note
--------------------------------------------------------------
     0 | D:1      | Chiseanne the Formicid Monk began the quest for the Orb.
     0 | D:1      | Reached XP level 1. HP: 18/18 MP: 1/1
   187 | D:1      | Reached XP level 2. HP: 24/24 MP: 2/2
   195 | D:1      | Found a shattered altar of Ashenzari.
   745 | D:1      | Reached XP level 3. HP: 25/30 MP: 3/3
   814 | D:1      | Reached skill level 1 in Armour
  1079 | D:2      | Reached skill level 4 in Fighting
  1203 | D:2      | Reached XP level 4. HP: 27/37 MP: 4/4
  1316 | D:2      | Found an opulent altar of Gozag.
  1854 | D:2      | Noticed Ijyb
  1895 | D:2      | Killed Ijyb
  1902 | D:2      | Reached XP level 5. HP: 39/43 MP: 5/5
  1921 | D:2      | Noticed Jessica
  1952 | D:2      | Killed Jessica
  2433 | D:3      | Found a bloodstained altar of Trog.
  2433 | D:3      | Noticed a moth of wrath
  2883 | D:3      | Found a deep blue altar of Sif Muna.
  3074 | D:3      | Noticed Robin
  3104 | D:3      | Killed Robin
  3104 | D:3      | Reached skill level 5 in Fighting
  3106 | D:3      | Reached XP level 6. HP: 27/51 MP: 6/6
  3722 | D:4      | Found Ixaezies's Antique Armour Emporium.
  3762 | D:4      | Found a white marble altar of Elyvilon.
  3764 | D:4      | Found a glowing golden altar of the Shining One.
  3765 | D:4      | Found a glowing silver altar of Zin.
  3938 | D:4      | Reached XP level 7. HP: 16/56 MP: 7/7
  4556 | D:5      | Entered Level 5 of the Dungeon
  4709 | D:5      | Reached skill level 6 in Fighting
  4842 | D:5      | You fall through a shaft for 2 floors!
  4867 | D:7      | Reached skill level 5 in Dodging
  4867 | D:7      | Reached XP level 8. HP: 20/65 MP: 8/8
  5145 | D:7      | Found a staircase to the Ecumenical Temple.
  5155 | Temple   | Entered the Ecumenical Temple
  5246 | Temple   | Became a worshipper of Makhleb the Destroyer
  5246 | Temple   | Reached * piety under Makhleb
  5246 | Temple   | Reached ** piety under Makhleb
  5277 | D:7      | Reached skill level 5 in Armour
  5518 | D:6      | Found Caxizao's Antique Weapon Emporium.
  5522 | D:6      | Bought a pitted broad axe for 207 gold pieces
  5523 | D:6      | Identified the +5 broad axe "Xijel" {flame, +Inv rElec rF++ rC-} (You bought it in a shop on level 6 of the Dungeon)
  5612 | D:6      | Noticed braks's ghost (novice TeCj)
  5621 | D:6      | Killed braks's ghost
  6087 | D:6      | Found Ymigoh's Assorted Antiques.
  6092 | D:6      | Bought a scroll of identify for 60 gold pieces
  6092 | D:6      | Bought a smoky orange potion for 27 gold pieces
  6134 | D:7      | Reached skill level 1 in Axes
  6155 | D:7      | Found a radiant altar of Vehumet.
  6167 | D:7      | Found a sacrificial altar of Ru.
  6199 | D:7      | Reached skill level 7 in Fighting
  6360 | D:7      | Noticed Dowan
  6362 | D:7      | Noticed Duvessa
  6370 | D:7      | Killed Dowan
  6370 | D:7      | Reached XP level 9. HP: 59/72 MP: 11/11
  6385 | D:7      | Killed Duvessa
  6612 | D:7      | Found Icsirch's Magic Scroll Shoppe.
  6951 | D:7      | Found Metick's Antique Weapon Shoppe.
  7228 | D:7      | Reached *** piety under Makhleb
  7423 | D:8      | Found Meneoj's Antique Armour Shop.
  7508 | D:8      | Reached skill level 8 in Fighting
  7517 | D:8      | Found a blossoming altar of Fedhas.
  7533 | D:8      | Reached skill level 5 in Invocations
  7584 | D:8      | Found an iron altar of Okawaru.
  7665 | D:8      | Found Jual's Armour Emporium.
  7677 | D:8      | Found Emeaziq's General Store.
  7681 | D:8      | Bought a potion of cancellation for 96 gold pieces
  7698 | D:8      | Got a pair of transparent boots
  7708 | D:8      | Found Woathep's Magic Scroll Shop.
  7736 | D:8      | Reached skill level 1 in Shields
  7805 | D:8      | Reached XP level 10. HP: 81/81 MP: 14/14
  7868 | D:8      | Found a sand-covered staircase.
  7879 | Ossuary  | Entered an ossuary
  7911 | Ossuary  | Reached **** piety under Makhleb
  8247 | D:8      | Found Naiq Ysi's Magic Scroll Emporium.
  8250 | D:8      | Bought a scroll of identify for 28 gold pieces
  8250 | D:8      | Identified the +3 pair of boots of Terror {-Tele rPois Str+2} (You found it on level 8 of the Dungeon)
  8547 | D:9      | Reached ***** piety under Makhleb
  8610 | D:9      | Found a shimmering altar of Xom.
  8707 | D:9      | You fall through a shaft for 2 floors!
  8707 | D:11     | Found a staircase to the Lair.
  8756 | D:10     | Entered Level 10 of the Dungeon
  8766 | D:10     | Reached skill level 9 in Fighting
  9144 | D:9      | Found an oddly glowing altar of Pakellas.
  9145 | D:9      | Found a stormy altar of Qazlal.
  9299 | D:9      | Reached skill level 5 in Shields
  9355 | D:9      | Reached XP level 11. HP: 86/89 MP: 16/16
  9671 | D:7      | Bought a scroll of identify for 24 gold pieces
  9675 | D:7      | You fall through a shaft for 3 floors!
  9675 | D:10     | Noticed a six-headed hydra
  9683 | D:10     | Killed a one-headed hydra
  9722 | D:10     | Noticed a cyan ugly thing
  9722 | D:10     | Noticed a green ugly thing
 10003 | D:10     | Noticed a hill giant
 10013 | D:10     | Killed a hill giant
 10013 | D:10     | Reached skill level 10 in Fighting
 10439 | D:10     | Killed a white ugly thing
 10441 | D:10     | Killed a white ugly thing
 10557 | D:7      | Bought a scroll of fog for 24 gold pieces
 10557 | D:7      | Bought a scroll of identify for 24 gold pieces
 10557 | D:7      | Bought a scroll of identify for 24 gold pieces
 10573 | D:7      | You fall through a shaft for 2 floors!
 10674 | D:10     | Noticed a hill giant
 10682 | D:10     | Killed a hill giant
 10682 | D:10     | Reached skill level 5 in Axes
 11001 | D:11     | Reached XP level 12. HP: 49/98 MP: 18/18
 11334 | D:11     | Found Qaik Daw's Weapon Shop.
 11413 | D:11     | Reached ****** piety under Makhleb
 11594 | D:11     | Noticed Gastronok
 11769 | D:11     | Reached skill level 11 in Fighting
 11769 | D:11     | Reached skill level 10 in Armour
 11902 | D:11     | Found a staircase to the Orcish Mines.
 12101 | D:11     | Killed Gastronok
 12101 | D:11     | Reached skill level 10 in Invocations
 12117 | D:11     | Identified Eshaizet's Disquisition on Transmigration
 12260 | D:8      | Bought a scroll of remove curse for 42 gold pieces
 12260 | D:8      | Bought a scroll of identify for 28 gold pieces
 13025 | D:12     | Reached XP level 13. HP: 89/106 MP: 20/20
 13172 | D:12     | Found a sparkling altar of Nemelex Xobeh.
 13485 | D:13     | Noticed Maud
 13580 | D:12     | Killed Maud
 13580 | D:12     | Reached skill level 10 in Shields
 13778 | D:13     | Noticed Snorg
 13779 | D:13     | Noticed an Executioner
 13783 | D:12     | Noticed a green death
 13788 | D:12     | Noticed a balrug
 13791 | D:12     | You fall through a shaft for 2 floors!
 14147 | D:14     | Reached skill level 12 in Fighting
 14206 | D:14     | Found a gate to the Vaults.
 14208 | D:14     | Noticed Rupert
 14218 | D:14     | Mangled by an enchanted long sword

Vault maps used:
D:1:      ncdulo_smallfort, nicolae_ashenzari_panopticon
D:2:      marbit_many_paths, serial_forest, infiniplex_forest_end_2,
          infiniplex_forest_clump_medium, infiniplex_forest_clump_small,
          infiniplex_forest_lined_room_, infiniplex_forest_clump_long,
          amalloy_card_club, uniq_jessica, uniq_iyjb
D:3:      tgw_trog, nicolae_overflow_hidden_temple, uniq_robin
D:4:      good_gods_temple_1, serial_shops, shop
D:5:      first_bread, kennysheep_cluttered_room, lemuel_another_geyser
D:6:      serial_shops, shop, kennysheep_little_box
D:7:      lemuel_round_altar, nicolae_overflow_crystal_walls,
          minmay_temple_entry_statues_fountains, serial_shops, shop,
          nicolae_shop_crystal, uniq_duvessa
D:8:      old_standard_altar, okawaru_ov_weapons_minmay, serial_shops,
          nicolae_shop_stone, nicolae_shop_waterfront, shop,
          kennysheep_mini_moat, shop, gup_ossuary_entry_pyramid
D:9:      lemuel_doored_altar, gammafunk_temple_overflow_pools
D:10:     minmay_cut_squares
D:11:     lair_0_dummy, orc_0_dummy, serial_shops, shop_fountains,
          david_nohive_1, st_stairs_13, minivault_15, uniq_gastronok
D:12:     nemelex_deck
D:13:     grunt_pakellas_basics, uniq_maud, uniq_snorg
D:14:     erik_vaults_1, serial_bayou_ford_a, grunt_dithmenos_smoke, uniq_rupert
Temple:   nicolae_temple_great_sept
Ossuary:  minmay_ossuary_two_tombs

Skill      XL: |  1  2  3  4  5  6  7  8  9 10 11 12 13 |
---------------+----------------------------------------+-----
Dodging        | 3 4 5 6 |  6.4
Armour         | 1 2 3 4 5 7 8 9 10 11 | 11.4
Fighting       | 4 5 6 7 8 9 10 11 12 | 12.1
Invocations    | 3 5 7 9 10 11 | 11.4
Axes           | 1 2 4 5 6 |  6.4
Shields        | 1 5 7 9 10 | 10.4
Stealth        | |  2.4
Unarmed Combat | |  4.0

Action                   |  1- 3 |  4- 6 |  7- 9 | 10-12 | 13-15 || total
-------------------------+-------+-------+-------+-------+-------++-------
Melee: Unarmed           |   143 |    99 |       |       |       ||   242
       Short sword       |     1 |       |       |       |       ||     1
       Dagger            |       |   159 |    89 |       |       ||   248
       Broad axe         |       |       |   187 |   544 |   113 ||   844
Throw: Tomahawk          |       |       |       |     7 |       ||     7
       Javelin           |       |       |       |     2 |       ||     2
       Throwing net      |       |       |       |       |     1 ||     1
Invok: Greater Servant o |       |       |       |       |     6 ||     6
 Abil: Dig               |       |     7 |    11 |    21 |     9 ||    48
       Shaft Self        |       |       |     1 |     2 |     1 ||     4
Evoke: Deck              |       |     2 |       |       |       ||     2
  Use: Scroll            |     6 |     4 |    12 |    12 |       ||    34
       Potion            |       |     2 |     2 |     6 |     2 ||    12
 Stab: Sleeping          |     1 |       |       |       |       ||     1
  Eat: Chunk             |     1 |     9 |    14 |    21 |     4 ||    49
       Beef jerky        |       |       |     1 |     2 |       ||     3
       Fruit             |       |       |       |     3 |       ||     3
       Pizza             |       |       |       |     2 |       ||     2
       Royal jelly       |       |       |       |     1 |       ||     1
